 Dungeon Crawl Stone Soup version 0.31-a0-188-g5e087ee2ca (webtiles) character file.

Game seed: 12444696764758861841

2 qw the Shooter (level 1, -3/12 HPs)
             Began as a Deep Elf Hunter on June 23, 2023.
             Slain by a gnoll
             ... wielding a +0 spear
              (4 damage)
             ... on level 1 of the Dungeon.
             The game lasted 00:00:02 (40 turns).

qw the Shooter (Deep Elf Hunter)                      Turns: 40, Time: 00:00:02

Health: -3/12      AC:  3    Str:  8    XL:     1   Next: 33%
Magic:  3/3        EV: 12    Int: 13    God:
Gold:   4          SH:  0    Dex: 18    Spells: 0/0 levels left

rFire   . . .        a - +0 shortbow
rCold   . . .        (shield currently unavailable)
rNeg    . . .        c - +0 leather armour
rPois   .            (no helmet)
rElec   .            (no cloak)
rCorr   .            (no gloves)
SInv    .            (no boots)
Will    .....        (no amulet)
Stlth   ++           (no ring)
HPRegen 0.22/turn    (no ring)
MPRegen 0.08/turn

%: no passive effects
@: no status effects
A: no striking features
a: no special abilities


You were on level 1 of the Dungeon.
You visited 1 branch of the dungeon, and saw 1 of its levels.

You collected 4 gold pieces.


   Skills:
 - Level 1.5 Fighting
 + Level 5.5 Ranged Weapons
 - Level 2.4 Dodging
 - Level 1.2 Stealth


You couldn't memorise any spells.
You didn't know any spells.
Your spell library was empty.

Inventory:

Hand Weapons
 a - a +0 shortbow (weapon)
Armour
 c - a +0 leather armour (worn)
Scrolls
 b - a scroll of butterflies

Dungeon Overview and Level Annotations

Branches:
Dungeon (1/15)

Altars:


Message History

The arrow hits the hobgoblin but does no damage.
The hobgoblin closely misses you. The gnoll misses you.
You shoot an arrow. The arrow closely misses the hobgoblin.
The hobgoblin hits you but does no damage.
The gnoll closely misses you.
You shoot an arrow. The arrow hits the hobgoblin.
You kill the hobgoblin!
The gnoll barely misses you.
You shoot an arrow. The arrow closely misses the kobold.
The kobold closely misses you.
The kobold throws a stone.
The stone misses you. The gnoll barely misses you.
You shoot an arrow. The arrow barely misses the kobold.
The kobold hits you but does no damage. The gnoll misses you.
You shoot an arrow.
The arrow hits the kobold but does no damage.
The kobold misses you. The gnoll misses you. x2
The kobold hits you but does no damage.
You shoot an arrow. The arrow closely misses the kobold.
The kobold closely misses you.
The gnoll hits you from afar with a +0 spear.
You shoot an arrow.
The arrow hits the kobold but does no damage.
The kobold hits you but does no damage. The kobold closely misses you.
The gnoll barely misses you.
You shoot an arrow. The arrow misses the kobold.
The arrow hits the gnoll but does no damage.
The gnoll is heavily wounded.
The kobold hits you but does no damage. The kobold hits you with a +0 dagger.
The gnoll barely misses you.
You shoot an arrow. The arrow closely misses the kobold.
The arrow barely misses the gnoll.
The kobold completely misses you. The kobold hits you with a +0 dagger.
The gnoll closely misses you.
You shoot an arrow. The arrow hits the kobold.
The kobold is severely wounded.
The kobold barely misses you. The kobold hits you with a +0 dagger.
The gnoll closely misses you. The kobold closely misses you.
The kobold hits you but does no damage.
The gnoll hits you from afar with a +0 spear.
You die...

#.####.#.# #.#<.#.#.#
#.#....#.# #.######.#
#.....(..##
#..######..#
#...######..#
#...........#
............@#
#############KK......
...g>.... ..........
...........
............
.............
..............


You could see a gnoll and 2 kobolds.

Vanquished Creatures
  A ball python (D:1)
  A hobgoblin (D:1)
2 creatures vanquished.

Notes
Turn   | Place    | Note
-------+----------+-------------------------------------------
     0 | D:1      | qw the Deep Elf Hunter began the quest for the Orb.
     0 | D:1      | Reached XP level 1. HP: 12/12 MP: 3/3
     0 | D:1      | 0 ||| qw: Version: 0.3-a-9-g12657ce
     0 | D:1      | 0 ||| qw: Game counter: 3955
     0 | D:1      | 0 ||| qw: Always use a shield: true
     0 | D:1      | 0 ||| qw: God list: Okawaru
     0 | D:1      | 0 ||| qw: Allow faded altars: false
     0 | D:1      | 0 ||| qw: Do Orc after D:15 true
     0 | D:1      | 0 ||| qw: Do second Lair branch before Depths: true
     0 | D:1      | 0 ||| qw: Lair rune preference: random
     0 | D:1      | 0 ||| qw: Plans: Normal
     0 | D:1      | 0 ||| PLANNING D:1-11
    39 | D:1      | HP: 2/12 [kobold/+0 dagger (2)]
    40 | D:1      | Slain by a gnoll

Levels and vault maps discovered:
D:1:      zelgadis_glass_arrival_small, layout_basic, serial_shops, shop,
          shapermc_ecumenical_altar_venn

Action                     || total
---------------------------++-------
   Fire: Shortbow          ||    16
 Armour: Leather armour    ||     6
  Dodge: Dodged            ||    25

Table legend:
 A = Non-vault XP
 B = Vault XP
 C = Vault XP percentage of total XP
 D = Non-vault monster count
 E = Vault monster count
 F = Vault count percentage of total count
                 A         B        C        D         E       F
            +---------+---------+-------+---------+---------+-------
      Total |       4 |       0 |   0.0 |       2 |       0 |   0.0
            +---------+---------+-------+---------+---------+-------
        D:1 |       4 |       0 |   0.0 |       2 |       0 |   0.0
            +---------+---------+-------+---------+---------+-------
